 Dungeon Crawl Stone Soup version 0.24.0-125-gc4c63601f3 (webtiles) character file.

Game seed: 390223304812040304, levelgen mode: deterministic

2508 Frank2 the Basher (level 9, -3/68 HPs)
             Began as a Demonspawn Gladiator on Mar 13, 2020.
             Was an Initiate of Makhleb.
             Killed by divine providence
             ... invoked by an orc priest
              (15 damage)
             ... on level 7 of the Dungeon.
             The game lasted 00:12:41 (6017 turns).

Frank2 the Basher (Demonspawn Gladiator)            Turns: 6017, Time: 00:12:42

Health: -3/68      AC: 17    Str: 15    XL:     9   Next: 28%
Magic:  11/11      EV: 12    Int: 10    God:    Makhleb [......]
Gold:   390        SH:  0    Dex: 17    Spells: 8/8 levels left

rFire    . . .     SeeInvis +   a - +0 flail
rCold    . . .     Gourm    .   (no shield)
rNeg     . . .     Faith    .   q - +0 scale mail
rPois    .         Spirit   .   c - +0 helmet
rElec    .         Reflect  .   r - +0 cloak
rCorr    .         Harm     .   (no gloves)
MR       .....                  n - +0 pair of boots
Stlth    ..........             (no amulet)
HPRegen  0.21/turn              k - ring of see invisible
MPRegen  0.12/turn              (no ring)

@: sanguine armour
A: claws 2, demonic guardian 1, sanguine armour 1
a: Renounce Religion


You were on level 7 of the Dungeon.
You worshipped Makhleb.
Makhleb was noncommittal.
You were not hungry.

You visited 2 branches of the dungeon, and saw 8 of its levels.

You collected 390 gold pieces.

Inventory:

Hand Weapons
 a - a +0 flail (weapon)
Armour
 c - a +0 helmet (worn)
 n - a +0 pair of boots (worn)
 q - a +0 scale mail (worn)
 r - a +0 cloak (worn)
Jewellery
 k - a ring of see invisible (left claw)
 p - an uncursed ring of fire
Wands
 e - a wand of paralysis (6)
 v - a wand of disintegration (10)
Scrolls
 b - 2 scrolls of remove curse
 l - 2 scrolls of teleportation
 m - a scroll of magic mapping
 s - a scroll of fear {unknown}
 w - a scroll of identify
Potions
 d - 6 potions of heal wounds
 g - 2 potions of mutation
 h - 2 potions of haste {unknown}
 i - 2 potions of lignification
 j - a potion of magic {unknown}
 o - a potion of flight {unknown}
 t - 4 potions of curing
 u - a potion of might {unknown}
Comestibles
 f - 14 rations
 x - a chunk of flesh


   Skills:
 + Level 5.2 Fighting
 + Level 8.3 Maces & Flails
 - Level 1.7 Throwing
 + Level 5.3 Armour
 + Level 4.3 Dodging
 * Level 2.9 Evocations


You had 8 spell levels left.
You didn't know any spells.
Your spell library contained the following spells:

 Spells                   Type           Power        Failure   Level  Hunger
 Animate Skeleton         Necr           N/A          80%         1    ##.....
 Apportation              Tloc           #.....       80%         1    ##.....
 Confusing Touch          Hex            #.....       80%         1    ##.....
 Summon Small Mammal      Summ           #...         80%         1    ##.....


Dungeon Overview and Level Annotations

Branches:
Dungeon (7/15)             Temple (1/1) D:6

Altars:
Ashenzari
Dithmenos
Elyvilon
Fedhas
Gozag
Hepliaklqana
Kikubaaqudgha
Makhleb
Nemelex Xobeh
Okawaru
Qazlal
Ru
Sif Muna
Trog
Uskayaw
Vehumet
Wu Jian
Yredelemnul
Zin
Lugonu


Innate Abilities, Weirdness & Mutations

You have very sharp fingernails.
A weak demonic guardian rushes to your aid.
When seriously injured, your bleeding wounds create armour. (AC +6)


Message History

Your iron imp barely misses the orc wizard.
The orc wizard hits your iron imp but does no damage.
The orc wizard barely misses your iron imp.
Your iron imp hits the orc wizard!
Your iron imp disappears in a puff of smoke!
You barely miss the orc wizard.
The orc wizard is severely wounded.
The orc wizard gestures at you while chanting.
The magic dart hits you!
You hit the orc wizard but do no damage.
The orc wizard is severely wounded.
The orc wizard hits you with a +0 dagger.
The orc priest calls down the wrath of Beogh upon you.
Beogh smites you!
* * * LOW HITPOINT WARNING * * *
You closely miss the orc wizard.
The orc wizard is severely wounded.
The orc priest calls down the wrath of Beogh upon you.
Beogh smites you!
You die...

####### #......#
##....####......#
''....+..'......+
##....####......#####
##....####÷.........#
.#.......'..........#
.#.....###..........#
.#.....# #....5.....#
.#####.###....oo@...#
.# #.<######o######
.# #..# #§# ##
#..#....oo#
#..#.####oo ####..#
#.## ###<....# #.#
........# #..
#.......# .!.


You could see 2 orc priests, an orc wizard and a friendly ufetubus.

Vanquished Creatures
  Pikel (D:4)
  Grinder (D:5)
  A slave (D:4)
  An ice beast (D:5)
  2 eyes of draining (D:3)
  An ogre (D:4)
  2 centaurs (D:5)
  2 bullfrogs (D:6)
  2 scorpions (D:5)
  3 crimson imps
  2 quasits (D:5)
  A bullfrog zombie (D:7)
  A jelly (D:7)
  6 hounds
  Crazy Yiuf (D:5)
  An iguana (D:4)
  Terence (D:3)
  6 orc wizards
  2 worker ants
  Ijyb (D:5)
  A hound zombie (D:7)
  A hound skeleton (D:5)
  A gnoll (D:1)
  A worker ant zombie (D:5)
  2 adders
  A shadow imp (D:7)
  An ooze (D:1)
  An adder skeleton (D:5)
  3 worms
  A dart slug (D:1)
  17 orcs
  4 giant cockroaches
  4 goblins
  7 hobgoblins
  4 jackals (D:1)
  2 quokkas
  A ball python (D:2)
  7 bats
  12 frilled lizards
  4 kobolds
  7 rats
  A fungus (D:5)
121 creatures vanquished.

Vanquished Creatures (collateral kills)
  A hungry ghost (D:7)
  Duvessa (D:4)
  A slave (D:4)
  An ogre (D:4)
  2 bullfrogs (D:7)
  Dowan (D:4)
  An orc (D:4)
8 creatures vanquished.

Grand Total: 129 creatures vanquished

Notes
Turn   | Place    | Note
-------+----------+-------------------------------------------
     0 | D:1      | Frank2 the Demonspawn Gladiator began the quest for the
                  | Orb.
     0 | D:1      | Reached XP level 1. HP: 16/16 MP: 1/1
    32 | D:1      | Reached skill level 3 in Maces & Flails
    44 | D:1      | Gained mutation: You have sharp fingernails. [demonic
                  | ancestry]
    44 | D:1      | Reached XP level 2. HP: 16/22 MP: 2/2
   524 | D:1      | Reached XP level 3. HP: 12/27 MP: 3/3
   850 | D:2      | Found a sacrificial altar of Ru.
  1021 | D:2      | Found a basalt altar of Yredelemnul.
  1201 | D:2      | Reached XP level 4. HP: 8/34 MP: 4/4
  1663 | D:2      | Found a hazy altar of Hepliaklqana.
  1845 | D:3      | Noticed Terence
  1863 | D:3      | Killed Terence
  1863 | D:3      | Reached skill level 4 in Maces & Flails
  1863 | D:3      | Reached skill level 1 in Armour
  2319 | D:3      | Found a bloodstained altar of Trog.
  2319 | D:3      | Noticed an eye of draining
  2319 | D:3      | Noticed an eye of draining
  2335 | D:3      | Gained mutation: A weak demonic guardian rushes to your
                  | aid. [demonic ancestry]
  2335 | D:3      | Reached XP level 5. HP: 33/40 MP: 0/5
  2349 | D:3      | Killed an eye of draining
  2365 | D:3      | Killed an eye of draining
  2365 | D:3      | Reached skill level 5 in Maces & Flails
  2365 | D:3      | Gained mutation: When seriously injured, your bleeding
                  | wounds create armour. (AC +6) [demonic ancestry]
  2365 | D:3      | Reached XP level 6. HP: 44/47 MP: 0/6
  2589 | D:4      | Noticed Duvessa
  2593 | D:4      | Noticed Dowan
  2631 | D:4      | Noticed a slave
  2631 | D:4      | Noticed Pikel
  2830 | D:4      | Noticed a slave
  2831 | D:4      | Noticed a slave
  2831 | D:4      | Noticed a slave
  2842 | D:4      | Killed a slave
  2851 | D:4      | Killed a slave
  2896 | D:4      | Killed Pikel
  2896 | D:4      | Reached skill level 6 in Maces & Flails
  2896 | D:4      | Gained mutation: You have very sharp fingernails. [demonic
                  | ancestry]
  2896 | D:4      | Reached XP level 7. HP: 27/53 MP: 7/7
  3118 | D:4      | Noticed a +0 dagger
  3224 | D:4      | Killed Dowan
  3231 | D:4      | Killed Duvessa
  3238 | D:4      | Noticed a +0 hand axe
  3272 | D:4      | Reached XP level 8. HP: 40/60 MP: 8/8
  3377 | D:4      | Found a hide-covered altar of Uskayaw.
  3427 | D:4      | Found a sparkling altar of Nemelex Xobeh.
  3705 | D:5      | Entered Level 5 of the Dungeon
  3708 | D:5      | Found a shimmering blue altar of Sif Muna.
  3818 | D:5      | Found an iron altar of Okawaru.
  3870 | D:5      | Noticed Ijyb
  3876 | D:5      | Killed Ijyb
  3876 | D:5      | Reached skill level 7 in Maces & Flails
  4344 | D:5      | Reached skill level 1 in Evocations
  4570 | D:5      | Noticed Grinder
  4841 | D:5      | Killed Grinder
  5040 | D:5      | Found a runed translucent door.
  5041 | D:5      | Noticed Crazy Yiuf
  5055 | D:5      | Killed Crazy Yiuf
  5144 | D:6      | Reached XP level 9. HP: 66/67 MP: 10/10
  5278 | D:6      | Found an ornate altar of the Wu Jian Council.
  5280 | D:6      | Found a blossoming altar of Fedhas.
  5282 | D:6      | Reached skill level 5 in Fighting
  5285 | D:6      | Found a shimmering blue altar of Sif Muna.
  5286 | D:6      | Found an opulent altar of Gozag.
  5287 | D:6      | Found a glowing silver altar of Zin.
  5361 | D:6      | Reached skill level 8 in Maces & Flails
  5361 | D:6      | Reached skill level 5 in Armour
  5453 | D:6      | Found a staircase to the Ecumenical Temple.
  5672 | Temple   | Entered the Ecumenical Temple
  5686 | Temple   | Became a worshipper of Makhleb the Destroyer
  6017 | D:7      | Killed from afar by an orc priest

Levels and vault maps discovered:
D:1:      minmay_arrival_radiant_lines, layout_basic
D:2:      layout_basic, lemuel_doored_altar, lemuel_round_altar,
          lemuel_crystal_altar
D:3:      layout_basic, trog_eyes_of_draining, first_ration,
          grunt_ministairs_12, uniq_terence
D:4:      layout_basic, nemelex_altar_shiori, dancing_weapons_uskayaw,
          uniq_duvessa, uniq_pikel
D:5:      layout_loops_ring, nicolae_overflow_hidden_temple, basic_altar,
          uniq_ijyb, uniq_grinder, uniq_crazy_yiuf_cottage
D:6:      layout_rooms, minitemple, minmay_temple_entry_fiery
D:7:      layout_basic, old_standard_altar
Temple:   corrupted_temple

Skill      XL: |  1  2  3  4  5  6  7  8  9 |
---------------+----------------------------+-----
Maces & Flails | 3 4 5 6 7 8 |  8.3
Dodging        | 3 4 |  4.3
Armour         | 1 3 4 5 |  5.3
Fighting       | 3 4 5 |  5.2
Evocations     | 2 |  2.9
Throwing       | |  1.7

Action                   |  1- 3 |  4- 6 |  7- 9 || total
-------------------------+-------+-------+-------++-------
Melee: Flail             |    96 |   184 |   383 ||   663
Throw: Throwing net      |     1 |     3 |     1 ||     5
Evoke: Wand              |       |       |     2 ||     2
  Use: Scroll            |     4 |     7 |     3 ||    14
       Potion            |       |     1 |     1 ||     2
 Stab: Sleeping          |     2 |       |       ||     2
       Held in net/web   |       |     1 |     1 ||     2
       Distracted        |       |     1 |     2 ||     3
       Paralysed         |       |       |     2 ||     2
       Invisible         |       |       |     1 ||     1
  Eat: Chunk             |       |     3 |    12 ||    15
       Ration            |       |     1 |       ||     1
Armor: Leather armour    |    34 |    10 |       ||    44
       Scale mail        |       |    56 |   221 ||   277
Dodge: Dodged            |    86 |    89 |   229 ||   404
